 Dungeon Crawl Stone Soup version 0.18.1-48-g4cf74bf (webtiles) character file.

4398 nikopol the Spear-Bearer (level 10, -4/132 HPs)
             Began as a Minotaur Berserker on June 24, 2016.
             Was a High Priest of Trog.
             Slain by a green ugly thing (12 damage)
             ... on level 8 of the Dungeon.
             The game lasted 00:22:50 (7689 turns).

nikopol the Spear-Bearer (Minotaur Berserker)       Turns: 7689, Time: 00:22:51

Health: -4/132     AC: 12    Str: 27    XL:     10   Next: 13%
Magic:  9/9        EV: 14    Int:  4    God:    Trog [*****.]
Gold:   313        SH:  0    Dex: 13    Spells: 0 memorised, 9 levels left

rFire  . . .     SeeInvis .     x - +0 trident
rCold  . . .     Gourm    +     D - +4 scale mail {rN+}
rNeg   + . .     Faith    .     (no shield)
rPois  .         Spirit   .     (helmet restricted)
rElec  .         Dismiss  .     (no cloak)
rCorr  .         Reflect  .     (no gloves)
SustAt .         Harm     .     (no boots)
MR     .....                    K - amulet of the gourmand
Stlth  ..........               (no ring)
                                (no ring)

@: berserking (expiring), lethally poisoned (-4 -> -31), very quick, not
resistant to hostile enchantments, extremely unstealthy
A: retaliatory headbutt, horns 2
a: Berserk, Trog's Hand, Brothers in Arms, Burn Spellbooks, Renounce Religion


You were on level 8 of the Dungeon.
You worshipped Trog.
Trog was extremely pleased with you.
You were very full.

You visited 1 branch of the dungeon, and saw 8 of its levels.
You also visited: Sewer.

You collected 393 gold pieces.
You spent 80 gold pieces at shops.

Inventory:

Hand Weapons
 c - a +0 shortbow
 x - a +0 trident (weapon)
Missiles
 g - 136 arrows
Armour
 D - a +4 scale mail of positive energy (worn)
Jewellery
 K - an amulet of the gourmand (around neck)
Scrolls
 d - 6 scrolls of remove curse
 q - a scroll of magic mapping {unknown}
 t - 2 scrolls of teleportation
 u - 2 scrolls of enchant armour
 y - 3 scrolls of blinking
 z - 2 scrolls of enchant weapon
 B - 2 scrolls of fear {unknown}
 G - 2 scrolls of immolation {unknown}
Potions
 f - 8 potions of curing
 h - a potion of cancellation
 k - 2 potions of berserk rage
 l - 11 potions of heal wounds
 n - 2 potions of brilliance
 p - 3 potions of agility
 r - a potion of might
 v - 2 potions of flight
 C - a potion of invisibility
 H - a potion of haste
Comestibles
 m - 3 meat rations
 o - 11 fruits
 F - 5 bread rations
 M - a royal jelly


   Skills:
 + Level 8.2 Fighting
 * Level 10.0 Polearms
 * Level 6.6 Bows
 + Level 8.0 Armour
 + Level 7.3 Dodging


You had 9 spell levels left.
You didn't know any spells.

Dungeon Overview and Level Annotations

Branches:
Dungeon (8/15)             Temple (0/1) D:4
   Lair: D:8-11

Altars:
Elyvilon
Fedhas
Gozag
Qazlal
Xom
The Shining One

Shops:
D:5 [   D:6 [   D:8 (


Innate Abilities, Weirdness & Mutations

You reflexively headbutt those who attack you in melee.
You have a pair of horns on your head.


Message History

There is a stone staircase leading up here.
You barely miss the jackal.
The green ugly thing engulfs you but does no damage.
The jackal closely misses you.
You miss the jackal. Your headbutt misses the jackal.
The green ugly thing engulfs you.
* * * LOW HITPOINT WARNING * * *
You are lethally poisoned!
The green ugly thing poisons you!
You barely miss the jackal. Your headbutt misses the jackal.
* * * LOW HITPOINT WARNING * * *
You feel sick. The jackal misses you. You furiously retaliate!
You headbutt the jackal!
You kill the jackal!
Trog accepts your kill.
You puncture the green ugly thing!
The green ugly thing is moderately wounded.
* * * LOW HITPOINT WARNING * * *
You feel sick. The green ugly thing engulfs you!
You die...

#.# #....#.##.#####.(...#
#.# #....#.##...))...)..+
#.#
#....#.#######......####.
#.........#.#............
#.. #.##.#......#.#.###.
#..#.#.##.#...)[/!?......
.......................
######†#.#.#.##.#.###.
#...@...#.#....#.#
#....u..#.#.####..
#.......#.#.# #...
####..#.#.#.# ....
#..#.#.#.# ..... #..#.#
#..#.. #..# .


You could see a green ugly thing.

Vanquished Creatures
  The ghost of DankDingDong the Poker, a novice DrFi of Okawaru (D:7)
  An ugly thing (D:7)
  Sigmund (D:2)
  The ghost of Aquadorian the Cutter, an amateur DsWn (D:4)
  A hungry ghost (D:7)
  A water moccasin (D:6)
  4 orc warriors
  2 ice beasts (D:7)
  A phantom (D:3)
  3 sky beasts
  The ghost of Aquadorian the Ruffian, an amateur DrBe of Trog (D:3)
  2 ogres
  A necrophage (D:7)
  2 centaurs (D:5)
  A giant frog (D:7)
  A big kobold (D:7)
  2 scorpions
  6 killer bees (D:8)
  A howler monkey (D:4)
  4 crimson imps
  A centaur zombie (D:5)
  A hound (D:7)
  A jelly (D:5)
  4 orc priests
  3 orc wizards
  2 centaur skeletons
  2 giant frog skeletons (D:7)
  3 worker ants
  2 killer bee zombies (D:6)
  2 worker ant zombies
  4 gnolls (D:7)
  9 adders
  2 river rats (D:3)
  2 shadow imps
  An ooze (D:4)
  A worm (D:3)
  3 giant geckos
  35 orcs
  10 bats
  6 giant cockroaches
  9 goblins
  8 hobgoblins
  12 jackals
  6 quokkas
  3 ball pythons (Sewer)
  A giant gecko skeleton (D:7)
  11 giant newts
  11 kobolds
  A quokka skeleton (D:4)
  6 rats
  A plant (Sewer)
200 creatures vanquished.

Vanquished Creatures (others)
  4 bushes (D:7)
4 creatures vanquished.

Grand Total: 204 creatures vanquished

Notes
Turn   | Place    | Note
--------------------------------------------------------------
     0 | D:1      | nikopol the Minotaur Berserker began the quest for the Orb.
     0 | D:1      | Reached XP level 1. HP: 19/19 MP: 0/0
   178 | D:1      | Reached XP level 2. HP: 27/27 MP: 1/1
   856 | D:2      | Found a stormy altar of Qazlal.
   873 | D:2      | Reached skill level 4 in Polearms
   899 | D:2      | Noticed Sigmund
   905 | D:2      | Killed Sigmund
   905 | D:2      | Reached XP level 3. HP: 34/34 MP: 2/2
   905 | D:2      | Reached XP level 4. HP: 41/41 MP: 3/3
   905 | D:2      | Reached XP level 5. HP: 47/47 MP: 4/4
  1045 | D:2      | Reached ** piety under Trog
  1238 | D:2      | Reached skill level 5 in Polearms
  1387 | D:3      | Found a shimmering altar of Xom.
  1479 | D:3      | Found a glowing golden altar of the Shining One.
  1540 | D:3      | Reached skill level 5 in Fighting
  1624 | D:3      | Found a glowing drain.
  1633 | Sewer    | Entered a sewer
  2078 | Sewer    | Reached XP level 6. HP: 56/56 MP: 5/5
  2122 | Sewer    | Reached *** piety under Trog
  2383 | D:3      | Noticed Aquadorian's ghost (amateur DrBe)
  2393 | D:3      | Killed Aquadorian's ghost
  2556 | D:3      | Reached skill level 5 in Armour
  2900 | D:4      | Found a staircase to the Ecumenical Temple.
  2927 | D:4      | Noticed Aquadorian's ghost (amateur DsWn)
  2934 | D:4      | Killed Aquadorian's ghost
  2934 | D:4      | Reached XP level 7. HP: 62/62 MP: 6/6
  3061 | D:4      | Reached skill level 6 in Polearms
  3181 | D:4      | Found a blossoming altar of Fedhas.
  3308 | D:4      | Reached skill level 5 in Dodging
  3310 | D:4      | Reached **** piety under Trog
  3832 | D:5      | Entered Level 5 of the Dungeon
  3855 | D:5      | Found Cuwnil's Antique Armour Shoppe.
  3878 | D:5      | Bought a runed scale mail for 80 gold pieces
  3910 | D:5      | Reached XP level 8. HP: 67/71 MP: 7/7
  4016 | D:5      | Reached skill level 1 in Bows
  4333 | D:5      | Reached skill level 7 in Polearms
  4829 | D:6      | Found an opulent altar of Gozag.
  5049 | D:6      | Reached skill level 8 in Polearms
  5323 | D:6      | Found Ferhiesm's Antique Armour Emporium.
  5496 | D:7      | Reached XP level 9. HP: 71/79 MP: 8/8
  5526 | D:7      | Noticed DankDingDong's ghost (novice DrFi)
  5542 | D:7      | Killed DankDingDong's ghost
  5641 | D:7      | Reached skill level 9 in Polearms
  5641 | D:7      | Reached skill level 5 in Bows
  6133 | D:7      | Reached ***** piety under Trog
  6520 | D:8      | Received a gift from Trog
  6579 | D:8      | Found Kabbeus's Weapon Shoppe.
  7114 | D:8      | Found a white marble altar of Elyvilon.
  7515 | D:7      | Reached XP level 10. HP: 88/88 MP: 9/9
  7542 | D:7      | Noticed a green ugly thing
  7542 | D:7      | Noticed a cyan ugly thing
  7683 | D:7      | Killed a cyan ugly thing
  7683 | D:7      | Reached skill level 10 in Polearms
  7689 | D:8      | Slain by a green ugly thing

Skill      XL: |  1  2  3  4  5  6  7  8  9 10 |
---------------+-------------------------------+-----
Polearms       | 4 5 6 8 9 10 | 10.0
Fighting       | 4 5 6 7 8 |  8.2
Armour         | 4 5 6 7 8 |  8.0
Dodging        | 3 4 5 6 7 |  7.3
Bows           | 4 6 |  6.6

Action                   |  1- 3 |  4- 6 |  7- 9 | 10-12 || total
-------------------------+-------+-------+-------+-------++-------
Melee: Spear             |    39 |   156 |       |       ||   195
       Headbutt          |     7 |    25 |    49 |     4 ||    85
       Scythe            |       |    31 |       |       ||    31
       Trident           |       |    25 |   296 |    23 ||   344
 Fire: Shortbow          |       |       |   123 |       ||   123
Invok: Berserk           |     1 |     2 |     5 |     1 ||     9
  Use: Scroll            |       |     5 |    15 |       ||    20
  Eat: Chunk             |       |     9 |    28 |       ||    37
       Royal jelly       |       |       |     1 |       ||     1
       Fruit             |       |       |     1 |       ||     1
Armor: Scale mail        |     7 |    53 |    93 |    23 ||   176
Dodge: Dodged            |     6 |   107 |   142 |    25 ||   280
